 Dungeon Crawl Stone Soup version 0.29.1-1-gd02db6906a (webtiles) character file.

Game seed: 3358730402945639913

304 Icepheonix32 the Trooper (level 6, -1/56 HPs)
             Began as a Minotaur Fighter on Sept 19, 2022.
             Slain by a gnoll sergeant
             ... wielding a +0 trident
              (3 damage)
             ... on level 4 of the Dungeon.
             The game lasted 00:04:17 (2939 turns).

Icepheonix32 the Trooper (Minotaur Fighter)         Turns: 2939, Time: 00:04:17

Health: -1/56      AC:  6    Str: 23    XL:     6   Next: 15%
Magic:  5/5        EV: 11    Int:  5    God:
Gold:   94         SH:  4    Dex: 11    Spells: 5/5 levels left

rFire   x . .      SeeInvis .   r - +0 short sword (elec)
rCold   . . .      Faith    .   c - +0 buckler
rNeg    + . .      Spirit   .   o - +2 leather armour "Fitostia" {Rampage rF- rN+ Str+2}
rPois   .          Reflect  .   (helmet restricted)
rElec   .          Harm     .   g - +0 cloak
rCorr   .          Rampage  +   (no gloves)
Will    .....                   (no boots)
Stlth   +.........              t - amulet of magic regeneration
HPRegen 0.18/turn               (no ring)
MPRegen 0.49/turn               (no ring)

@: mighty, weakened, hasted, very quick
A: horns 2, retaliatory headbutt
a: no special abilities


You were on level 4 of the Dungeon.
You visited 1 branch of the dungeon, and saw 4 of its levels.

You collected 216 gold pieces.
You spent 122 gold pieces at shops.

Inventory:

Hand Weapons
 a - a +0 war axe
 l - the +3 woodcutter's axe {vorpal}
   (You found it on level 4 of the Dungeon)

   It inflicts extra damage upon your enemies.
 r - a +0 short sword of electrocution (weapon)
 v - a +2 short sword of flaming
Armour
 b - a +0 scale mail
 c - a +0 buckler (worn)
 g - a +0 cloak (worn)
 o - the +2 leather armour "Fitostia" (worn) {Rampage rF- rN+ Str+2}
   (You found it on level 3 of the Dungeon)

   Str:       It affects your strength (+2).
   rF:        It makes you vulnerable to fire.
   rN:        It protects you from negative energy.
   Rampage:   It bestows one free step when moving towards enemies.
Jewellery
 t - an amulet of magic regeneration (around neck)
Scrolls
 f - a scroll of butterflies {unknown}
 h - 2 scrolls of identify
 k - a scroll of blinking {unknown}
 n - a scroll of amnesia {unknown}
 q - a scroll of noise {unknown}
 s - a scroll of summoning {unknown}
 u - a scroll of enchant weapon {unknown}
 w - a scroll of immolation {unknown}
Potions
 i - a potion of flight {unknown}
 p - a potion of cancellation {unknown}
 x - a potion of attraction {unknown}


   Skills:
 * Level 5.6 Fighting
 + Level 1.6 Short Blades
 - Level 3.4 Axes
 + Level 4.5 Armour
 * Level 2.6 Dodging
 + Level 1.0 Stealth
 + Level 4.2 Shields


You had 5 spell levels left.
You didn't know any spells.
Your spell library contained the following spells:

 Spells                   Type           Power      Damage    Failure   Level
 Passage of Golubria      Tloc           0%         N/A       100%        4
 Summon Ice Beast         Ice/Summ       0%         N/A       100%        4
 Silence                  Hex/Air        0%         N/A       100%        5
 Summon Mana Viper        Hex/Summ       0%         N/A       100%        5
 Monstrous Menagerie      Summ           0%         N/A       100%        7
 Lehudib's Crystal Spear  Conj/Erth      0%         10d2      100%        8


Dungeon Overview and Level Annotations

Branches:
Dungeon (4/15)
 Temple: D:4-7

Altars:
Dithmenos

Shops:
D:2 :!?

Annotations:
D:4 3 runed translucent doors, Iusername's ghost, amateur MiFi


Innate Abilities, Weirdness & Mutations

You have a pair of horns on your head.
You reflexively headbutt those who attack you in melee.


Message History

The gnoll bouda gazes fiercely through you!
You feel as though you will be weak longer.
The gnoll barely misses you.
The gnoll hits you from afar with a +0 spear.
* * * LOW HITPOINT WARNING * * *
You're too confused to move!
The gnoll sergeant barely misses you.
The gnoll bouda barks out a call to the hunt!
The gnoll picks up the pace!
The gnoll completely misses you.
The gnoll hits you from afar with a +0 spear.
* * * LOW HITPOINT WARNING * * *
You miss the gnoll bouda.
The gnoll sergeant hits you with a +0 trident.
* * * LOW HITPOINT WARNING * * *
The gnoll bouda misses you. The gnoll hits you but does no damage.
The gnoll hits you from afar with a +0 spear.
* * * LOW HITPOINT WARNING * * *
Unknown command.
You bump into the stone wall.
You feel less invigorated.
You feel less confused.
The gnoll sergeant hits you with a +0 trident!
* * * LOW HITPOINT WARNING * * *
The gnoll bouda gazes fiercely through you!
You feel as though you will be weak longer.
The gnoll bouda hits you with a +0 whip.
* * * LOW HITPOINT WARNING * * *
The gnoll barely misses you. x2
You puncture the gnoll bouda!
The gnoll bouda is heavily wounded.
The gnoll sergeant is no longer moving quickly.
The gnoll sergeant misses you.
The gnoll bouda hits you with a +0 whip.
* * * LOW HITPOINT WARNING * * *
The gnoll barely misses you.
The gnoll hits you from afar with a +0 spear.
* * * LOW HITPOINT WARNING * * *
Okay, then.
It was a potion of haste.
You feel yourself speed up.
The gnoll sergeant hits you with a +0 trident.
You die...

##### #...# #...# #...# #...#
#...# ♣♣♣♣♣♣ ##.†.# ♣♣)...♣
##....# ♣♣♣..##### ### #.....#
♣♣♣....#@g.# #..
#.#...#♣♣)..♣..#.g.## #..
..#....)g)....ggg...# ####..
#######♣♣..).♣.#...#########.[...
.# ###♣♣♣.)..#...###.......##..
.# #.###♣♣♣..######.#########.#
.#####...# ♣♣...)♣ #..# #..#
..#.†...## ♣♣♣♣♣♣ ##.# #.##
.)..##.## #.# ##.#


You could see a gnoll sergeant, a gnoll bouda and 3 gnolls.

Vanquished Creatures
  A black bear (D:3)
  A hound (D:4)
  8 gnolls (D:4)
  4 adders
  2 worms (D:2)
  A dart slug (D:3)
  6 orcs
  9 ball pythons
  2 bats
  6 endoplasms
  A giant cockroach (D:3)
  5 goblins
  6 hobgoblins
  A quokka (D:2)
  4 frilled lizards (D:2)
  7 kobolds
  3 rats (D:1)
67 creatures vanquished.

Vanquished Creatures (others)
  A fungus (D:4)
  3 plants (D:4)
4 creatures vanquished.

Grand Total: 71 creatures vanquished

Notes
Turn   | Place    | Note
-------+----------+-------------------------------------------
     0 | D:1      | Icepheonix32 the Minotaur Fighter began the quest for the
                  | Orb.
     0 | D:1      | Reached XP level 1. HP: 19/19 MP: 0/0
    97 | D:1      | Found a faded altar of an unknown god.
   291 | D:1      | Reached skill level 4 in Fighting
   498 | D:1      | Reached XP level 2. HP: 21/27 MP: 1/1
  1027 | D:2      | Reached XP level 3. HP: 29/34 MP: 2/2
  1177 | D:2      | Found Plog's Book Boutique.
  1250 | D:2      | Found a shadowy altar of Dithmenos.
  1331 | D:2      | Found Wyleot's Distillery.
  1337 | D:2      | Found Sig Jafu's Magic Scroll Shop.
  1347 | D:2      | Bought a potion of curing for 39 gold pieces
  1347 | D:2      | Bought a potion of degeneration for 13 gold pieces
  1357 | D:2      | Bought a scroll of teleportation for 42 gold pieces
  1357 | D:2      | Bought a scroll of identify for 28 gold pieces
  1573 | D:3      | Identified the +2 leather armour "Fitostia" {Rampage rF-
                  | rN+ Str+2}
  1623 | D:3      | Reached XP level 4. HP: 40/41 MP: 3/3
  1831 | D:3      | Reached skill level 1 in Dodging
  1995 | D:3      | Noticed a black bear
  2001 | D:3      | Killed a black bear
  2002 | D:3      | Reached skill level 5 in Fighting
  2002 | D:3      | Reached XP level 5. HP: 48/48 MP: 4/4
  2599 | D:4      | Noticed Iusername's ghost (amateur MiFi)
  2599 | D:4      | Found a runed translucent gate.
  2599 | D:4      | Found a runed translucent gate.
  2599 | D:4      | Found a runed translucent gate.
  2649 | D:4      | Reached skill level 1 in Short Blades
  2892 | D:4      | Reached skill level 1 in Stealth
  2892 | D:4      | Reached XP level 6. HP: 38/56 MP: 5/5
  2900 | D:4      | Found the +3 woodcutter's axe {vorpal}
  2938 | D:4      | HP: 2/56 [gnoll/+0 spear (1)]
  2939 | D:4      | Slain by a gnoll sergeant

Illustrated notes

Levels and vault maps discovered:
D:1:      shiori_arrival_elements, layout_basic,
          shapermc_ecumenical_altar_pompeii
D:2:      layout_rooms, basic_altar, serial_shops, shop, shop_statue, shop
D:3:      layout_loops_corners
D:4:      layout_rooms, gammafunk_ghost_nasty_kobolds,
          pf_guarded_unrand_woodcutter

Skill      XL: |  1  2  3  4  5 |
---------------+----------------+-----
Fighting       | 4 5 |  5.6
Axes           | 3 |  3.4
Armour         | 4 |  4.5
Dodging        | 2 |  2.6
Shields        | 4 |  4.2
Short Blades   | 1 |  1.6
Stealth        | 1 |  1.0

Action                   |  1- 3 |  4- 6 || total
-------------------------+-------+-------++-------
Melee: War axe           |    75 |     2 ||    77
       Headbutt          |     8 |    19 ||    27
       Short sword       |       |    76 ||    76
  Use: Potion            |       |     5 ||     5
       Scroll            |       |     1 ||     1
 Stab: Sleeping          |       |     1 ||     1
Armor: Scale mail        |    44 |       ||    44
       Leather armour    |     3 |    24 ||    27
Dodge: Dodged            |    37 |    73 ||   110
Block: Buckler           |    20 |    17 ||    37
